 Dungeon Crawl Stone Soup version 0.18-a0-1718-g40ea4b6 (webtiles) character file.

2575 namelastname112 the Grappler (level 9, -13/82 HPs)
             Began as a Naga Monk on Apr 8, 2016.
             Mangled by an ogre
             ... wielding a +0 giant spiked club
              (14 damage)
             ... on level 6 of the Dungeon.
             The game lasted 00:09:28 (6271 turns).

namelastname112 the Grappler (Naga Monk)            Turns: 6271, Time: 00:09:29

Health: -13/82     AC:  9    Str: 17    XL:     9   Next: 57%
Magic:  9/9        EV: 12    Int: 16    God:
Gold:   226        SH:  0    Dex: 14    Spells: 0 memorised, 8 levels left

rFire  . . .     SeeInvis +       - Unarmed
rCold  . . .     Gourm    .     r - +1 leather armour of Dyest {rCorr Int+6 Stlth-}
rNeg   . . .     Faith    .     (no shield)
rPois  +         Spirit   .     (no helmet)
rElec  .         Dismiss  .     a - +2 cloak
rCorr  +         Reflect  .     (no gloves)
SustAt .         Harm     .     (no barding)
MR     +....                    t - amulet of rage
Stlth  +.........               (no ring)
                                (no ring)

@: very slow, somewhat resistant to hostile enchantments, very unstealthy
A: see invisible, deformed body, poison resistance, slowness 2, slow metabolism
1, spit poison 2, AC +3
a: Spit Poison, Evoke Berserk Rage


You were on level 6 of the Dungeon.
You were not hungry.

You visited 1 branch of the dungeon, and saw 6 of its levels.

You collected 226 gold pieces.

Inventory:

Armour
 a - a +2 cloak (worn)
 d - a +0 buckler
 r - the +1 leather armour of Dyest (worn) {rCorr Int+6 Stlth-}
   (You found it on level 4 of the Dungeon)

   It affects your intelligence (+6).
   It protects you from acid and corrosion.
   It makes you less stealthy.
Jewellery
 t - an amulet of rage (around neck)
Scrolls
 c - 4 scrolls of remove curse {unknown}
 h - a scroll of enchant armour {unknown}
 j - 3 scrolls of immolation {unknown}
 l - 3 scrolls of teleportation {unknown}
 m - a scroll of noise {unknown}
 n - a scroll of amnesia {unknown}
 q - a scroll of enchant weapon {unknown}
 s - 2 scrolls of blinking {unknown}
Potions
 e - 2 potions of brilliance
 g - a potion of flight
 k - 2 potions of haste
 o - a potion of heal wounds
Comestibles
 b - 5 bread rations
 f - 5 meat rations
 i - a slice of pizza


   Skills:
 + Level 6.1 Fighting
 + Level 4.3 Armour
 + Level 5.0 Dodging
 - Level 3.0 Stealth
 + Level 2.7 Shields
 * Level 8.8 Unarmed Combat


You had 8 spell levels left.
You didn't know any spells.

Dungeon Overview and Level Annotations

Branches:
Dungeon (6/15)
 Temple: D:4-7

Altars:
Ashenzari
Fedhas
Sif Muna
Trog
Xom
Yredelemnul

Shops:
D:4 =   D:5 %


Innate Abilities, Weirdness & Mutations

You cannot wear boots.
Your serpentine skin is tough (AC +3).
You have supernaturally acute eyesight.
Armour fits poorly on your strangely shaped body.
Your system is resistant to poisons.
You cover ground very slowly.
You have a slow metabolism.
You can spit poison.


Message History

The worker ant bites the freed slave but does no damage. x2
The ogre hits the freed slave with a giant spiked club!!
The freed slave barely misses the worker ant.
The worker ant bites the freed slave.
The freed slave hits the ogre but does no damage.
The freed slave hits the worker ant!
The ogre hits the freed slave with a giant spiked club!
The freed slave dies!
The ogre looks more experienced.
The worker ant bites the freed slave.
The worker ant completely misses the freed slave.
The freed slave hits the worker ant.
The worker ant dies!
The ogre hits you with a giant spiked club!
* * * LOW HITPOINT WARNING * * *
You see here an animal skin.
The ogre hits you with a giant spiked club!!
* * * LOW HITPOINT WARNING * * *
The ogre hits you with a giant spiked club!
You die...

#.............#......##.#.#.#.
#.........###.#.##.........#..
#.........# #.#.#..##.#.#.#.#.
#.........# #.#.#.............
####.#########......###.......#
#..†.# #.............##...
###....## #....#.#...##....#(
........#######p.....#....#...(##
.##........)..[p@............#.#.
#....########O.....#...........
###### #..................
###.#....#..........
#.......#....#.#....
#.#....##....#......
#.....##............
...............##... ...........


You could see an ogre and 2 neutral freed slaves.

Vanquished Creatures
  Pikel (D:6)
  The ghost of namelastname112 the Ruffian, a novice GrMo of Gozag (D:5)
  A human (D:3)
  Edmund (D:4)
  A slave (D:6)
  3 ice beasts (D:5)
  4 ogres
  A scorpion (D:5)
  2 howler monkeys
  2 crimson imps
  A giant frog zombie (D:6)
  A centaur zombie (D:5)
  2 jellies (D:5)
  A quasit (D:5)
  An orc priest (D:4)
  3 hounds (D:4)
  4 orc wizards
  3 iguanas
  7 worker ants
  A howler monkey skeleton (D:4)
  6 adders
  2 oozes
  A worm (D:3)
  5 dart slugs
  4 giant geckos
  13 orcs
  5 giant cockroaches
  6 hobgoblins
  6 jackals
  9 kobolds
  A quokka (D:3)
  A ball python (D:3)
  9 bats
  3 giant newts
  4 goblins
  11 rats
127 creatures vanquished.

Vanquished Creatures (others)
  A slave (D:6)
  A worker ant (D:6)
2 creatures vanquished.

Grand Total: 129 creatures vanquished

Notes
Turn   | Place    | Note
--------------------------------------------------------------
     0 | D:1      | namelastname112 the Naga Monk began the quest for the Orb.
     0 | D:1      | Reached XP level 1. HP: 21/21 MP: 1/1
   232 | D:1      | HP: 1/21 [rat (2)]
   236 | D:1      | Reached XP level 2. HP: 1/28 MP: 2/2
  1036 | D:1      | Reached XP level 3. HP: 34/34 MP: 3/3
  1319 | D:1      | Reached skill level 1 in Armour
  1604 | D:2      | Found a shimmering altar of Xom.
  1605 | D:2      | Found a shimmering altar of Xom.
  1662 | D:2      | Reached XP level 4. HP: 42/42 MP: 4/4
  1920 | D:2      | Found a shattered altar of Ashenzari.
  2145 | D:2      | Found a bloodstained altar of Trog.
  2170 | D:3      | Found a runed door.
  2170 | D:3      | Noticed a human
  2192 | D:3      | Found a basalt altar of Yredelemnul.
  2735 | D:3      | Reached skill level 5 in Unarmed Combat
  2735 | D:3      | Reached XP level 5. HP: 41/49 MP: 5/5
  2855 | D:3      | Killed a human
  2855 | D:3      | Reached XP level 6. HP: 26/57 MP: 6/6
  3239 | D:4      | Reached skill level 6 in Unarmed Combat
  3239 | D:4      | Reached XP level 7. HP: 53/64 MP: 7/7
  3383 | D:4      | Found Jeagg's Jewellery Emporium.
  3488 | D:4      | Got a fine leather armour
  3499 | D:4      | Identified the +1 leather armour of Dyest {rCorr Int+6 Stlth-} (You found it on level 4 of the Dungeon)
  3885 | D:4      | Noticed Edmund
  3915 | D:4      | Killed Edmund
  4342 | D:4      | Reached XP level 8. HP: 72/73 MP: 8/8
  4548 | D:5      | Entered Level 5 of the Dungeon
  4561 | D:5      | Reached skill level 7 in Unarmed Combat
  4592 | D:5      | Found Uruyriwkoi's Food Shop.
  4715 | D:5      | Reached skill level 5 in Fighting
  4888 | D:5      | Found a deep blue altar of Sif Muna.
  5019 | D:5      | Reached skill level 1 in Shields
  5064 | D:5      | Noticed namelastname112's ghost (novice GrMo)
  5138 | D:5      | Killed namelastname112's ghost
  5423 | D:5      | Reached skill level 8 in Unarmed Combat
  5494 | D:5      | Reached XP level 9. HP: 65/81 MP: 9/9
  6072 | D:6      | Found a blossoming altar of Fedhas.
  6235 | D:6      | Noticed Pikel
  6265 | D:6      | Killed Pikel
  6265 | D:6      | Reached skill level 5 in Dodging
  6270 | D:6      | HP: 1/82 [ogre/giant spiked club (23)]
  6271 | D:6      | Mangled by an ogre

Vault maps used:
D:1:      lightli_arrival_windingriver
D:2:      xom_redecorated, bloody_trog, nicolae_ashenzari_panopticon
D:3:      dk_yredelemnul_ordeal
D:4:      serial_shops, kennysheep_little_box, uniq_edmund
D:5:      led_sif_book, serial_shops, kennysheep_mini, first_bread
D:6:      nicolae_qazlal_style_of_elements, fedhas_altar_3,
          minmay_temple_entry_large_hall, hangedman_decor_riveting,
          serial_park_tiny_1, uniq_blork_the_orc, uniq_pikel, uniq_eustachio

Skill      XL: |  1  2  3  4  5  6  7  8  9 |
---------------+----------------------------+-----
Armour         | 1 2 3 4 |  4.3
Unarmed Combat | 5 6 8 |  8.8
Fighting       | 4 5 6 |  6.1
Dodging        | 3 4 5 |  5.0
Shields        | 1 2 |  2.7
Stealth        | |  3.0

Action                   |  1- 3 |  4- 6 |  7- 9 || total
-------------------------+-------+-------+-------++-------
Melee: Unarmed           |    85 |   154 |   318 ||   557
 Abil: Spit Poison       |     8 |     8 |    12 ||    28
  Use: Scroll            |       |     2 |     1 ||     3
       Potion            |       |       |     4 ||     4
 Stab: Sleeping          |     5 |     6 |     1 ||    12
       Distracted        |     1 |       |       ||     1
  Eat: Chunk             |       |     9 |     9 ||    18
